 Dungeon Crawl Stone Soup version 0.31-a0-1074-g0b22e4e0f1 (webtiles) character file.

Game seed: 9392106193810862291

906 BubbleThief the Frost Mage (level 8, 0/52 HPs)
             Began as a Barachi Ice Elementalist on Dec 5, 2023.
             Slain by a yak (4 damage)
             ... on level 4 of the Dungeon.
             The game lasted 00:07:13 (2925 turns).

BubbleThief the Frost Mage (BaIE)                   Turns: 2925, Time: 00:07:14

Health: 0/52       AC:  5    Str: 11    XL:     8   Next: 8%
Magic:  0/16       EV: 12    Int: 17    God:
Gold:   179        SH:  0    Dex: 12    Spells: 14/18 levels left

rFire   . . .        q - +0 dagger (venom)
rCold   . . .        (no shield)
rNeg    . . .        a - +0 robe
rPois   .            c - +1 helmet
rElec   .            i - +0 cloak
rCorr   .            (no gloves)
SInv    .            (no boots)
Will    +....        (no amulet)
Stlth   ++           (no ring)
HPRegen 0.28/turn    (no ring)
MPRegen 0.15/turn

%: no passive effects
@: enlightened, flying, slow
A: amphibious, slowness 1, strong legs 1, +LOS
a: Hop


You were on level 4 of the Dungeon.
You visited 1 branch of the dungeon, and saw 4 of its levels.

You collected 179 gold pieces.

Inventory:

Hand Weapons
 q - a +0 dagger of venom (weapon)
Armour
 a - a +0 robe (worn)
 c - a +1 helmet (worn)
 i - a +0 cloak (worn)
Talismans
 h - a storm talisman
Scrolls
 e - a scroll of torment {unknown}
 g - a scroll of poison {unknown}
 l - a scroll of enchant weapon {unknown}
 n - a scroll of noise {unknown}
 o - a scroll of blinking {unknown}
Potions
 b - a potion of magic
 d - a potion of enlightenment
 f - a potion of berserk rage {unknown}
 k - a potion of curing {unknown}
 p - a potion of brilliance {unknown}


   Skills:
 - Level 2.1 Dodging
 - Level 1.7 Stealth
 + Level 5.5 Spellcasting
 * Level 10.0 Ice Magic


You had 14 spell levels left.
You knew the following spells:

 Your Spells              Type           Power      Damage    Failure   Level
a - Freeze                Ice            100%       1d10      1%          1
b - Frozen Ramparts       Ice            76%        1d12      1%          3

Your spell library contained the following spells:

 Spells                   Type           Power      Damage    Failure   Level
 Ozocubu's Armour         Ice            38%        N/A       1%          3
 Summon Ice Beast         Ice/Summ       21%        N/A       17%         4
 Ignite Poison            Fire/Tmut/Pois 4%         N/A       38%         3
 Sticky Flame             Conj/Fire      4%         2d3       80%         4
 Ignition                 Fire           2%         3d3       100%        8


Dungeon Overview and Level Annotations

Branches:
Dungeon (4/15)
 Temple: D:4-7

Altars:
Cheibriados

Annotations:
D:4 exclusion: phantom


Innate Abilities, Weirdness & Mutations

You are amphibious.
You cover ground slowly.
You can hop short distances.
You have an extended range of vision and can be seen from far away.


Message History

You have reached level 8!
You feel stronger.
Unknown command.
Okay, then.
It was a potion of enlightenment.
You feel very buoyant.
You fly up into the air.
The wall freezes the yak.
You hit the yak but do no damage.
The yak is poisoned.
The yak is severely wounded.
The frozen ramparts melt away.
The yak gores you.
* * * LOW HITPOINT WARNING * * *
Unknown command.
Aiming: Freeze (safe; 1% risk of failure)
Press: ? - help, Q - select action, (/) - cycle Shift-Dir - straight line, f - yak
Aim: a yak (severely wounded, very poisoned)
You freeze the yak.
The yak is severely wounded.
The yak closely misses you.
You hit the yak but do no damage.
The yak looks as sick as possible!
The yak is severely wounded.
The yak closely misses you.
Unknown command.
Unknown command.
Aiming: Freeze (safe; 1% risk of failure)
Press: ? - help, Q - select action, (/) - cycle Shift-Dir - straight line, f/p - yak
Aim: a yak (severely wounded, extremely poisoned)
You freeze the yak!
The yak is almost dead.
The yak gores you.
* * * LOW HITPOINT WARNING * * *
Unknown command.
Unknown command.
You hit the yak but do no damage.
The yak is almost dead.
The yak gores you but does no damage.
Unknown command.
You hit the yak but do no damage.
The yak is almost dead.
The yak gores you.
You die...

.# ######+# # .#
#.# .# .#####
#.######.#
.....####........#
...........#.#.###
..##.##.....#..#
..##.###...###.##
..##......##
##.####.#
#.######.#.#
#..@Y...# #.#
#.#..#..#######
#.# #.#..... #..
..###### ## ###


You could see a yak (very poisoned).

Vanquished Creatures
  5 yaks (D:4)
  Natasha (thrice) (D:2)
  Robin (D:3)
  3 adders
  3 worms
  7 ball pythons
  5 bats
  4 endoplasms
  2 giant cockroaches
  10 hobgoblins
  2 jackals (D:3)
  4 quokkas
  2 frilled lizards
  13 goblins
  7 kobolds
  5 rats
76 creatures vanquished.

Notes
Turn   | Place    | Note
-------+----------+-------------------------------------------
     0 | D:1      | BubbleThief the Barachi Ice Elementalist began the quest
                  | for the Orb.
     0 | D:1      | Reached XP level 1. HP: 13/13 MP: 3/3
   162 | D:1      | Reached skill level 5 in Ice Magic
   237 | D:1      | Reached XP level 2. HP: 19/19 MP: 1/5
  1291 | D:1      | Found a faded altar of an unknown god.
  1326 | D:2      | Noticed Natasha
  1328 | D:2      | Killed Natasha
  1329 | D:2      | Reached XP level 3. HP: 17/24 MP: 4/7
  1332 | D:2      | Noticed Natasha
  1403 | D:2      | Killed Natasha
  1404 | D:2      | Reached skill level 6 in Ice Magic
  1404 | D:2      | Reached XP level 4. HP: 12/30 MP: 1/8
  1617 | D:2      | Found a snail-covered altar of Cheibriados.
  1825 | D:2      | Noticed Natasha
  1833 | D:2      | Killed Natasha
  1880 | D:2      | You fall into a shaft and drop 1 floor!
  2097 | D:2      | Learned a level 3 spell: Frozen Ramparts
  2209 | D:3      | Reached XP level 5. HP: 35/35 MP: 10/10
  2570 | D:3      | Noticed Robin
  2584 | D:3      | Killed Robin
  2585 | D:3      | Reached skill level 7 in Ice Magic
  2804 | D:4      | Noticed a phantom
  2899 | D:4      | Noticed a yak
  2899 | D:4      | Noticed a yak
  2899 | D:4      | Noticed a yak
  2900 | D:4      | Noticed a yak
  2902 | D:4      | Noticed a yak
  2907 | D:4      | Killed a yak
  2907 | D:4      | Killed a yak
  2908 | D:4      | Reached skill level 8 in Ice Magic
  2908 | D:4      | Reached XP level 6. HP: 28/41 MP: 2/13
  2908 | D:4      | Reached XP level 7. HP: 31/46 MP: 2/14
  2910 | D:4      | Noticed a yak
  2911 | D:4      | Killed a yak
  2912 | D:4      | Reached skill level 5 in Spellcasting
  2912 | D:4      | Reached skill level 9 in Ice Magic
  2916 | D:4      | Killed a yak
  2918 | D:4      | Killed a yak
  2919 | D:4      | Reached skill level 10 in Ice Magic
  2919 | D:4      | Reached XP level 8. HP: 8/52 MP: 1/16
  2925 | D:4      | Slain by a yak

Illustrated notes

Levels and vault maps discovered:
D:1:      lightli_arrival_lavapool, layout_basic, serial_aquarium,
          aquarium_bridge_long_separate [aquarium_subvault_bridge,
          aquarium_subvault_wall, aquarium_subvault_bridge,
          aquarium_subvault_balcony, aquarium_subvault_bridge,
          aquarium_subvault_wall], aquarium_window_1,
          aquarium_window_corridor_3, aquarium_view_2a, aquarium_balcony_1a,
          aquarium_pool_double, shapermc_ecumenical_altar_mp_urbaneastern
D:2:      layout_rooms, basic_altar, hangedman_decor_peaks_small, uniq_natasha
D:3:      layout_rooms, uniq_robin
D:4:      layout_loops_corners, zin_statuary, serial_demonic, serial_demonic_e,
          serial_demonic_c, serial_demonic_c, serial_demonic_b,
          kennysheep_boxes, uniq_menkaure

Skill      XL: |  1  2  3  4  5  6  7 |
---------------+----------------------+-----
Ice Magic      | 5 6 8 10 | 10.0
Spellcasting   | 3 4 5 |  5.5
Dodging        | |  2.1
Stealth        | |  1.7

Action                     |  1- 3 |  4- 6 |  7- 9 || total
---------------------------+-------+-------+-------++-------
  Melee: Dagger            |     1 |    19 |    11 ||    31
         Whip              |       |     5 |       ||     5
   Cast: Freeze            |    33 |    62 |     2 ||    97
         Frozen Ramparts   |       |     5 |     1 ||     6
    Use: Potion            |       |       |     1 ||     1
   Stab: Sleeping          |       |     1 |       ||     1
 Armour: Robe              |    14 |    32 |     9 ||    55
  Dodge: Dodged            |    17 |    39 |     2 ||    58

Table legend: (Time is in decaauts)
 A = Elapsed time spent in this place.
 B = Non-inter-level travel time spent in this place.
 C = Inter-level travel time spent in this place.
 D = Time resting spent in this place.
 E = Time spent auto-exploring this place.
 F = Levels seen in this place.
 G = Mean time per level.
                   A        B        C        D        E       F      G
               +--------+--------+--------+--------+--------+-----+--------+
         Total |   3299 |   3207 |     92 |    122 |   2600 |   4 |  824.8 |
       Dungeon |   3299 |   3207 |     92 |    122 |   2600 |   4 |  824.8 |
               +--------+--------+--------+--------+--------+-----+--------+

Top non-repeatable levels by time:
     D:1: 1650 daAuts
     D:2: 781 daAuts
     D:3: 673 daAuts
     D:4: 194 daAuts
